 Dungeon Crawl Stone Soup version 0.29.0-4-gdea44cf6ec (webtiles) character file.

Game seed: 10593212013099177090

107 NinjaNoafa the Thaumaturge (level 4, -6/32 HPs)
             Began as a Gnoll Wanderer on Aug 26, 2022.
             Killed by divine providence
             ... invoked by an orc priest
              (17 damage)
             ... on level 4 of the Dungeon.
             The game lasted 00:09:56 (2825 turns).

NinjaNoafa the Thaumaturge (Gnoll Wanderer)         Turns: 2825, Time: 00:10:01

Health: -6/32      AC:  5    Str: 19    XL:     4   Next: 85%
Magic:  4/5        EV: 11    Int: 13    God:
Gold:   159        SH:  0    Dex: 15    Spells: 19/21 levels left

rFire   + + .      SeeInvis .   h - +8 dagger "Beniewid" {antimagic, rF+ Str+2 Dex+3}
rCold   + . .      Faith    .   (no shield)
rNeg    . . .      Spirit   .   w - +0 ring mail
rPois   +          Reflect  .   (helmet currently unavailable)
rElec   +          Harm     .   (no cloak)
rCorr   +          Rampage  .   (no gloves)
Will    .....                   (boots currently unavailable)
Stlth   +.........              i - amulet of regeneration
HPRegen 0.90/turn               v - +6 ring of strength
MPRegen 0.09/turn               (no ring)

@: appendages, resistant, weak-willed, attractive
A: horns 2, talons 2, fangs 1, strong nose, distributed training
a: End Transformation


You were on level 4 of the Dungeon.
You had temporarily grown beastly horns and talons.
You visited 1 branch of the dungeon, and saw 4 of its levels.

You collected 179 gold pieces.
You spent 20 gold pieces at shops.

Inventory:

Hand Weapons
 h - the +8 dagger "Beniewid" (weapon) {antimagic, rF+ Str+2 Dex+3}
   (You found it on level 2 of the Dungeon)

   It reduces the magical energy of the wielder, and disrupts the spells and
   magical abilities of those it strikes.
   Natural abilities and divine invocations are not affected.
   Str:       It affects your strength (+2).
   Dex:       It affects your dexterity (+3).
   rF:        It protects you from fire.
Missiles
 k - 56 stones
 l - 18 poisoned darts
 t - a throwing net
Armour
 c - a +1 robe
 n - a +0 pair of boots (melded)
 w - a +0 ring mail (worn)
Jewellery
 i - an amulet of regeneration (around neck)
 v - a +6 ring of strength (left hand)
Wands
 d - a wand of flame (2)
 u - a wand of iceblast (7)
Scrolls
 a - 2 scrolls of fog
 b - a scroll of blinking
 f - a scroll of torment
 g - a scroll of noise
Potions
 m - 2 potions of heal wounds
 q - a potion of curing


   Skills:
 + Level 1.3 Fighting
 + Level 1.3 Short Blades
 + Level 1.3 Long Blades
 + Level 1.3 Axes
 + Level 1.3 Maces & Flails
 + Level 1.3 Polearms
 + Level 1.3 Staves
 + Level 1.3 Ranged Weapons
 + Level 1.3 Throwing
 + Level 1.3 Armour
 + Level 1.3 Dodging
 + Level 1.3 Stealth
 + Level 1.3 Shields
 + Level 1.3 Unarmed Combat
 + Level 9.4 Spellcasting
 + Level 1.0 Conjurations
 + Level 1.0 Hexes
 + Level 1.0 Summonings
 + Level 1.0 Necromancy
 + Level 1.0 Translocations
 + Level 3.9 Transmutations
 + Level 1.0 Fire Magic
 + Level 1.0 Ice Magic
 + Level 1.0 Air Magic
 + Level 1.0 Earth Magic
 + Level 1.0 Poison Magic
 + Level 1.4 Invocations
 + Level 8.6 Evocations


You had 19 spell levels left.
You knew the following spells:

 Your Spells              Type           Power      Damage    Failure   Level
a - Beastly Appendage     Tmut           32%        N/A       4%          1
b - Summon Small Mammal   Summ           32%        N/A       13%         1

Your spell library contained the following spells:

 Spells                   Type           Power      Damage    Failure   Level
 Ignite Poison            Fire/Tmut/Pois 11%        N/A       26%         3
 Call Canine Familiar     Summ           8%         N/A       36%         3
 Ice Form                 Ice/Tmut       12%        N/A       58%         4
 Summon Forest            Summ/Tloc      4%         N/A       98%         5
 Summon Mana Viper        Hex/Summ       8%         N/A       98%         5
 Summon Cactus Giant      Summ           4%         N/A       100%        6


Dungeon Overview and Level Annotations

Branches:
Dungeon (4/15)
 Temple: D:4-7

Altars:

Shops:
D:2 *


Innate Abilities, Weirdness & Mutations

You have temporarily grown beastly horns and talons.
You have very sharp teeth.
Your uncanny sense of smell can sniff out nearby items.
Your experience applies equally to all skills.


Message History

Beogh smites you!
Okay, then.
The orc shouts!
The orc priest calls down the wrath of Beogh upon you.
Beogh smites you! The orc attacks as you move away!
The orc hits you with a +0 club.
You open the door. The orc barely misses you.
Found a stone staircase leading down.
The orc attacks as you move away! The orc closely misses you.
Found 5 stones and 2 sapphire potions.
There is an open door here.
As you read the scroll labelled NILIGI MUSI, it crumbles to dust.
Magic quickly surges around you.
It was a scroll of vulnerability.
The orc hits you with a +0 club.
As you read the scroll labelled VISU LYCUAXZAE, it crumbles to dust.
You feel aware of your surroundings.
It was a scroll of magic mapping.
The orc hits you with a +0 club.
As you read the scroll labelled NARUHOM PIMYEH, it crumbles to dust.
It is a scroll of brand weapon.
You aren't carrying any weapons that can be branded.
The orc misses you.
You feel protected. The orc hits you with a +0 club.
It was a potion of attraction.
You feel attractive to monsters. The orc hits you with a +0 club.
It was a potion of magic.
Magic courses through your body. The orc misses you.
Casting: Beastly Appendage (safe; 4% risk of failure)
Confirm with . or Enter, or press ? or * to list all spells.
You grow a pair of large bovine horns.
Your feet morph into talons.
Your +0 pair of boots melds into your body.
The orc priest is attracted toward you. The orc is attracted toward you.
You hit the orc priest. You claw the orc priest.
You bite the orc priest, but do no damage.
The orc priest is moderately wounded.
The orc hits you with a +0 club.
The orc priest calls down the wrath of Beogh upon you.
Beogh smites you!
Ouch! That really hurt!
You die...

******,*********###+#**#..# *,*
,,,*
*,*∆,,,,,,,....####.######.*
,,,*
*,...######*#..............*
,,,*
**#.o..o..###.####..#######*
,,,* #.#####..##............#
,,,*****,* ##..§####.######.#
,,,*,,,*,* ###o#....# *,*
,,,*,,,*,* #####o#+####*****,*
,,,*,,,*,* #...@o....(..,,,,,*
,,,*,,,*,* #.##.^.......,,,,,*
,,,*,,,*,* *,*#.......!.,,,,,*
,,,*,,,*,****,*##########****,*
,,,*,,,*,,,,,,****** *,*
,,,*,,,,,,,,,,,,,,,**********,*
****,,,,,,,,,,,,,,,+,,,,,,,,,,*
*,,,,,,,,,,,,,,,************
*,,,,,,,,,,,,,,,*


You could see an orc priest (weak-willed) and 2 orcs.

Vanquished Creatures
  3 adders
  An adder zombie (D:2)
  2 dart slugs (D:1)
  An orc (D:3)
  A bat skeleton (D:2)
  A bat zombie (D:2)
  4 endoplasms
  11 goblins
  7 hobgoblins
  A quokka (D:2)
  3 ball pythons (D:1)
  A ball python skeleton (D:2)
  A ball python zombie (D:2)
  5 bats
  3 frilled lizards
  A jackal skeleton (D:2)
  11 kobolds
  A quokka zombie (D:2)
  11 rats
69 creatures vanquished.

Vanquished Creatures (collateral kills)
  A rat (D:3)
1 creature vanquished.

Grand Total: 70 creatures vanquished

Notes
Turn   | Place    | Note
-------+----------+-------------------------------------------
     0 | D:1      | Reached skill level 9 in Spellcasting
     0 | D:1      | NinjaNoafa the Gnoll Wanderer began the quest for the Orb.
     0 | D:1      | NinjaNoafa set off with the following items: a +0 dagger, a
                  | scroll of blinking, a +0 robe, a wand of flame (3); and the
                  | following spells available to memorise: Beastly Appendage,
                  | Summon Small Mammal, Ignite Poison, Call Canine Familiar,
                  | Ice Form.
     0 | D:1      | Reached XP level 1. HP: 13/13 MP: 10/10
     2 | D:1      | Learned a level 1 spell: Beastly Appendage
   501 | D:1      | Reached XP level 2. HP: 19/19 MP: 10/12
   776 | D:1      | Reached XP level 3. HP: 10/25 MP: 13/13
   817 | D:1      | You fall into a shaft and drop 1 floor!
   829 | D:2      | Found Kuucuos's General Store.
   838 | D:2      | Bought a scroll of identify for 20 gold pieces
   864 | D:2      | Reached skill level 1 in Invocations
   985 | D:1      | Reached skill level 1 in Fighting
   985 | D:1      | Reached skill level 1 in Short Blades
   985 | D:1      | Reached skill level 1 in Long Blades
   985 | D:1      | Reached skill level 1 in Axes
   985 | D:1      | Reached skill level 1 in Maces & Flails
   985 | D:1      | Reached skill level 1 in Polearms
   985 | D:1      | Reached skill level 1 in Staves
   985 | D:1      | Reached skill level 1 in Ranged Weapons
   985 | D:1      | Reached skill level 1 in Throwing
   985 | D:1      | Reached skill level 1 in Armour
   985 | D:1      | Reached skill level 1 in Dodging
   985 | D:1      | Reached skill level 1 in Stealth
   985 | D:1      | Reached skill level 1 in Shields
   985 | D:1      | Reached skill level 1 in Unarmed Combat
  1097 | D:1      | Found a faded altar of an unknown god.
  1331 | D:2      | Reached XP level 4. HP: 32/32 MP: 13/15
  1348 | D:2      | Identified the +8 dagger "Beniewid" {antimagic, rF+ Str+2
                  | Dex+3}
  1441 | D:2      | Learned a level 1 spell: Summon Small Mammal
  1614 | D:2      | Reached skill level 1 in Conjurations
  1614 | D:2      | Reached skill level 1 in Hexes
  1614 | D:2      | Reached skill level 1 in Summonings
  1614 | D:2      | Reached skill level 1 in Necromancy
  1614 | D:2      | Reached skill level 1 in Translocations
  1614 | D:2      | Reached skill level 1 in Fire Magic
  1614 | D:2      | Reached skill level 1 in Ice Magic
  1614 | D:2      | Reached skill level 1 in Air Magic
  1614 | D:2      | Reached skill level 1 in Earth Magic
  1614 | D:2      | Reached skill level 1 in Poison Magic
  2825 | D:4      | Killed from afar by an orc priest

Illustrated notes

Levels and vault maps discovered:
D:1:      elethiomel_arrival_maze, layout_basic,
          shapermc_ecumenical_altar_petra, minmay_hedge_maze
D:2:      layout_rooms, serial_shops, nicolae_shop_stone, serial_undead,
          serial_undead_a, serial_undead_f, serial_undead_d, serial_undead_d,
          serial_undead_b
D:3:      layout_rooms
D:4:      layout_basic

Skill      XL: |  1  2  3  4 |
---------------+-------------+-----
Spellcasting   | |  9.4
Invocations    | 1 |  1.4
Fighting       | 1 |  1.3
Short Blades   | 1 |  1.3
Long Blades    | 1 |  1.3
Axes           | 1 |  1.3
Maces & Flails | 1 |  1.3
Polearms       | 1 |  1.3
Staves         | 1 |  1.3
Ranged Weapons | 1 |  1.3
Throwing       | 1 |  1.3
Armour         | 1 |  1.3
Dodging        | 1 |  1.3
Stealth        | 1 |  1.3
Shields        | 1 |  1.3
Unarmed Combat | 1 |  1.3
Conjurations   | 1 |  1.0
Hexes          | 1 |  1.0
Summonings     | 1 |  1.0
Necromancy     | 1 |  1.0
Translocations | 1 |  1.0
Fire Magic     | 1 |  1.0
Ice Magic      | 1 |  1.0
Air Magic      | 1 |  1.0
Earth Magic    | 1 |  1.0
Poison Magic   | 1 |  1.0
Transmutations | |  3.9
Evocations     | |  8.6

Action                   |  1- 3 |  4- 6 || total
-------------------------+-------+-------++-------
Melee: Dagger            |   126 |    43 ||   169
       Kick              |    31 |     7 ||    38
       Headbutt          |    17 |     4 ||    21
       Bite              |    12 |     3 ||    15
       Punch             |     2 |       ||     2
 Cast: Beastly Appendage |    21 |    11 ||    32
       Summon Small Mamm |       |    15 ||    15
Evoke: Wand              |     1 |       ||     1
  Use: Scroll            |     4 |     6 ||    10
       Potion            |     1 |     4 ||     5
 Stab: Sleeping          |     3 |     1 ||     4
       Distracted        |       |     1 ||     1
Armor: Robe              |    47 |     5 ||    52
       Ring mail         |       |     4 ||     4
Dodge: Dodged            |   124 |    33 ||   157
